 Dungeon Crawl Stone Soup version 0.19.4-9-g45fd643 (webtiles) character file.

63 Chiseanne the Magician (level 3, -2/27 HPs)
             Began as a Demonspawn Wanderer on Feb 21, 2017.
             Killed from afar by Natasha (10 damage)
             ... with a magic dart
             ... on level 2 of the Dungeon.
             The game lasted 00:03:51 (1197 turns).

Chiseanne the Magician (Demonspawn Wanderer)        Turns: 1197, Time: 00:03:51

Health: -2/27      AC:  3    Str: 14    XL:     3   Next: 89%
Magic:  3/8        EV: 12    Int: 14    God:
Gold:   122        SH:  0    Dex: 10    Spells: 3 memorised, 3 levels left

rFire  . . .     SeeInvis .     a - +2 dagger (venom)
rCold  . . .     Gourm    .     d - +0 robe
rNeg   . . .     Faith    .     (no shield)
rPois  .         Spirit   .     (no helmet)
rElec  .         Reflect  .     i - +0 cloak
rCorr  .         Harm     .     (no gloves)
MR     .....                    (no boots)
Stlth  ++........               (no amulet)
                                (no ring)
                                (no ring)

@: very slightly contaminated
A: powered by pain 1
a: no special abilities


You were on level 2 of the Dungeon.
You were not hungry.

You visited 1 branch of the dungeon, and saw 2 of its levels.

You collected 122 gold pieces.

Inventory:

Hand Weapons
 a - a +2 dagger of venom (weapon)
Missiles
 b - 19 arrows
 h - 39 stones (quivered)
 n - 23 poisoned needles
Armour
 d - a +0 robe (worn)
 i - a +0 cloak (worn)
Scrolls
 c - a scroll of teleportation
 e - 3 scrolls of identify
Potions
 j - a potion of flight
Books
 l - a book of Minor Magic

   Spells                             Type                      Level
   a - Magic Dart                     Conjuration                  1
   b - Blink                          Translocation                2
   c - Call Imp                       Summoning                    2
   d - Repel Missiles                 Charms/Air                   2
   e - Slow                           Hexes                        2
   f - Conjure Flame                  Conjuration/Fire             3
   g - Mephitic Cloud                 Conjuration/Poison/Air       3
Comestibles
 f - a bread ration
 m - 4 fruits
 o - a chunk of flesh
 p - a meat ration


   Skills:
 * Level 2.1 Fighting
 * Level 1.9 Dodging
 - Level 2.6 Stealth
 * Level 3.5 Spellcasting
 * Level 1.7 Conjurations
   Level 1.0 Ice Magic


You had 3 spell levels left.
You knew the following spells:

 Your Spells              Type           Power        Failure   Level  Hunger
a - Magic Dart            Conj           #...         12%         1    #......
b - Blink                 Tloc           N/A          34%         2    ##.....
c - Conjure Flame         Conj/Fire      #.......     47%         3    ###....


Dungeon Overview and Level Annotations

Branches:
Dungeon (2/15)

Altars:

Annotations:
D:2 Natasha


Innate Abilities, Weirdness & Mutations

You sometimes gain a little power by taking damage.


Message History

Natasha is heavily wounded.
Casting: Magic Dart
Confirm with . or Enter, or press ? or * to list all spells.
Aiming: Magic Dart
Press: ? - help, Shift-Dir - straight line, f/p - Natasha
Aim: Natasha, carrying a wand of slowing {zapped: 4} (heavily wounded, poisoned)
The magic dart hits Natasha.
Natasha is heavily wounded.
Natasha casts a spell.
Casting: Magic Dart
Confirm with . or Enter, or press ? or * to list all spells.
Aiming: Magic Dart
Press: ? - help, Shift-Dir - straight line, f/p - Natasha
Aim: Natasha, carrying a wand of slowing {zapped: 4} (severely wounded, poisoned)
You miscast Magic Dart.
You are very lightly contaminated with residual magic.
You feel a strange surge of energy!
Natasha stares at you and mumbles some strange words.
The magic dart hits you!
You die...

....รท.#.##.######.#
...................
#)###.#####.####..#
.. ...#####..###..#
###.#.............#
#.#.######..##.## #
..........#...#
#.#######.#...# #.#
#...@.#######
##.#........#
#.#.######.# #...#
##..# ##.h## #...5#
#...###.##
#........#


You could see Natasha and a crimson imp.

Vanquished Creatures
  Natasha (D:2)
  An ooze (D:1)
  A dart slug (D:1)
  2 leopard geckos (D:2)
  4 giant cockroaches
  6 goblins
  2 hobgoblins
  3 kobolds
  4 bats
  3 rats (D:1)
27 creatures vanquished.

Notes
Turn   | Place    | Note
-------+----------+-------------------------------------------
     0 | D:1      | Chiseanne the Demonspawn Wanderer began the quest for the Orb.
     0 | D:1      | Chiseanne set off with: a book of Minor Magic, a +0 spear, a scroll of teleportation, a +0 robe, a +0 dagger, a bread ration
     0 | D:1      | Reached XP level 1. HP: 15/15 MP: 4/4
   122 | D:1      | Learned a level 1 spell: Magic Dart
   386 | D:1      | Gained mutation: You sometimes gain a little power by taking damage. [demonic ancestry]
   386 | D:1      | Reached XP level 2. HP: 21/21 MP: 1/6
   938 | D:2      | Reached XP level 3. HP: 27/27 MP: 4/7
   973 | D:2      | Learned a level 2 spell: Blink
   977 | D:2      | Learned a level 3 spell: Conjure Flame
  1093 | D:2      | Noticed Natasha
  1099 | D:2      | Killed Natasha
  1189 | D:2      | Noticed Natasha
  1197 | D:2      | Killed from afar by Natasha

Skill      XL: |  1  2  3 |
---------------+----------+-----
Fighting       | 2 |  2.1
Dodging        | |  1.9
Stealth        | |  2.6
Spellcasting   | |  3.5
Conjurations   | |  1.7
Ice Magic      | |  1.0

Action                   || total
-------------------------++-------
Melee: Spear             ||    15
       Dagger            ||    31
 Cast: Magic Dart        ||    33
       Blink             ||     1
  Use: Scroll            ||     4
 Stab: Sleeping          ||     1
  Eat: Chunk             ||     1
Armor: Robe              ||    12
Dodge: Dodged            ||    30
